 Dungeon Crawl Stone Soup version 0.31-a0-654-gbe3e110b4e (webtiles) character file.

Game seed: 15313086249956229674

31 Ge0ff the Cutter (level 3, -3/22 HPs)
             Began as a Deep Elf Monk on Aug 29, 2023.
             Slain by a black bear (6 damage)
             ... on level 3 of the Dungeon.
             The game lasted 00:01:57 (1760 turns).

Ge0ff the Cutter (Deep Elf Monk)                    Turns: 1760, Time: 00:01:57

Health: -3/22      AC:  2    Str:  8    XL:     3   Next: 7%
Magic:  5/5        EV: 13    Int: 16    God:
Gold:   87         SH:  0    Dex: 17    Spells: 2/2 levels left

rFire   . . .        a - +0 short sword
rCold   . . .        d - orb {light}
rNeg    . . .        b - +0 robe
rPois   .            (no helmet)
rElec   .            (no cloak)
rCorr   .            (no gloves)
SInv    .            (no boots)
Will    .....        (no amulet)
Stlth   +            (no ring)
HPRegen 0.23/turn    (no ring)
MPRegen 0.09/turn

%: no passive effects
@: mighty, glowing
A: no striking features
a: no special abilities


You were on level 3 of the Dungeon.
You visited 1 branch of the dungeon, and saw 3 of its levels.

You collected 87 gold pieces.

Inventory:

Hand Weapons
 a - a +0 short sword (weapon)
Missiles
 t - 14 stones
Armour
 b - a +0 robe (worn)
 d - an orb of light (worn)
Scrolls
 p - 2 scrolls of identify {unknown}
 r - a scroll of fear {unknown}
 s - a scroll of enchant weapon {unknown}
 w - 2 scrolls of poison {unknown}
Potions
 o - a potion of ambrosia
 q - a potion of curing {unknown}
 u - a potion of lignification {unknown}
 v - 2 potions of resistance {unknown}
 x - 2 potions of degeneration {unknown}


   Skills:
 + Level 2.4 Fighting
 + Level 4.2 Short Blades
 - Level 3.6 Dodging


You had 2 spell levels left.
You didn't know any spells.
Your spell library contained the following spells:

 Spells                   Type           Power      Damage    Failure   Level
 Cigotuvi's Dreadful Rot  Necr/Pois/Air  0%         N/A       36%         2
 Dispel Undead            Necr           0%         3d6       94%         4
 Death Channel            Necr           0%         N/A       100%        6


Dungeon Overview and Level Annotations

Branches:
Dungeon (3/15) Zot: 16231

Altars:


Message History

HP restored.
Done exploring.
You climb downwards.
There is a stone staircase leading up here.
l - a green potion
Found a stone staircase leading up.
x - 2 clear potions (gained 1)
You now have 73 gold pieces (gained 19).
You now have 87 gold pieces (gained 14).
k - a pink potion
t - 14 stones (gained 4)
w - 2 scrolls labelled JASICV ETHROGAG (gained 1)
A black bear comes into view.
The black bear growls angrily.
The black bear barely misses you. The black bear claws you.
The black bear barely misses you.
It was a potion of brilliance.
You feel clever all of a sudden. The black bear bites you!
The black bear claws you.
The black bear claws you but does no damage.
It was a potion of heal wounds.
You feel much better. The black bear bites you.
The black bear claws you but does no damage.
The black bear misses you.
It was a potion of cancellation.
Your magical effects are unravelling.
You feel magically purged.
You feel a little less clever now. The black bear bites you.
The black bear claws you. The black bear misses you.
It was a potion of might.
You feel very mighty all of a sudden. The black bear closely misses you.
The black bear claws you. x2
You puncture the black bear!
The black bear is moderately wounded.
The black bear barely misses you. x3
You puncture the black bear!
The black bear is severely wounded.
You hit the black bear.
The black bear is severely wounded.
The black bear goes berserk!
You hit the black bear.
The black bear is severely wounded.
The black bear bites you!
* * * LOW HITPOINT WARNING * * *
The black bear barely misses you. The black bear completely misses you.
You hit the black bear.
The black bear is almost dead.
The black bear barely misses you.
The black bear claws you but does no damage.
The black bear claws you.
You die...

################
###..............#
#..............#.#
#.##..#.#####..#.##
#.##..#.# ..#..#..###
#.##..#.# #.#..##...####
#.##..#@#.#.#..####....#
#.##..#.h.#.#..# #....#
#.##..#####.#..# #.....
#.##........#..####.....
#.##..#####.#...........
#..#...#.#..####.....
#..#.#.#.#..# ######
#..#.#.#.#..# #
#..#.#...#..#


You could see a black bear (berserk).

Vanquished Creatures
  An adder (D:2)
  A dart slug (D:2)
  An orc (D:3)
  4 ball pythons (D:1)
  2 endoplasms (D:1)
  A goblin (D:1)
  2 hobgoblins
  A kobold (D:3)
  A quokka (D:1)
  2 bats
  3 rats
19 creatures vanquished.

Notes
Turn   | Place    | Note
-------+----------+-------------------------------------------
     0 | D:1      | Ge0ff the Deep Elf Monk began the quest for the Orb.
     0 | D:1      | Reached XP level 1. HP: 13/13 MP: 3/3
   259 | D:1      | Reached XP level 2. HP: 18/18 MP: 4/4
  1099 | D:2      | Reached skill level 4 in Short Blades
  1540 | D:3      | Reached XP level 3. HP: 15/22 MP: 5/5
  1750 | D:3      | Noticed a black bear
  1760 | D:3      | Slain by a black bear

Illustrated notes

Levels and vault maps discovered:
D:1:      dpeg_arrival_simpleton_c, layout_basic, kennysheep_boxes
D:2:      layout_basic
D:3:      layout_rooms, fedhas_altar_1, serial_shops, shop, roderic_lattice_a,
          minivault_24, kennysheep_big_empty_room

Skill      XL: |  1  2 |
---------------+-------+-----
Short Blades   | 4 |  4.2
Fighting       | |  2.4
Dodging        | |  3.6

Action                     || total
---------------------------++-------
  Melee: Short sword       ||    80
    Use: Potion            ||     4
 Armour: Robe              ||    12
  Dodge: Dodged            ||    50

Table legend: (Time is in decaauts)
 A = Elapsed time spent in this place.
 B = Non-inter-level travel time spent in this place.
 C = Inter-level travel time spent in this place.
 D = Time resting spent in this place.
 E = Time spent auto-exploring this place.
 F = Levels seen in this place.
 G = Mean time per level.
                   A        B        C        D        E       F      G
               +--------+--------+--------+--------+--------+-----+--------+
         Total |   1767 |   1680 |     87 |      0 |   1494 |   3 |  589.0 |
       Dungeon |   1767 |   1680 |     87 |      0 |   1494 |   3 |  589.0 |
               +--------+--------+--------+--------+--------+-----+--------+

Top non-repeatable levels by time:
     D:2: 881 daAuts
     D:1: 722 daAuts
     D:3: 163 daAuts
